 Dungeon Crawl Stone Soup version 0.27-a0-76-ga51d4ba9de (webtiles) character file.

Game seed: 8955664724431857851

156 KristoblXynda the Slasher (level 5, -1/46 HPs)
             Began as a Draconian Gladiator on Jan 13, 2021.
             Slain by Purgy (3 damage)
             ... in a sewer.
             The game lasted 00:06:07 (3255 turns).

KristoblXynda the Slasher (Draconian Gladiator)     Turns: 3255, Time: 00:06:07

Health: -1/46      AC:  7    Str: 15 (16) XL:     5   Next: 14%
Magic:  5/5        EV: 13    Int:  7 (10) God:
Gold:   71         SH:  0    Dex: 10 (12) Spells: 4/4 levels left

rFire    . . .     SeeInvis .   a - +0 long sword
rCold    . . .     Faith    .   (no shield)
rNeg     . . .     Spirit   .   (armour unavailable)
rPois    .         Reflect  .   l - +1 hat
rElec    .         Harm     .   k - +0 cloak
rCorr    .         Rampage  .   (no gloves)
Will     .....                  (no boots)
Stlth    +.........             (no amulet)
HPRegen  0.15/turn              (no ring)
MPRegen  0.09/turn              (no ring)

@: no status effects
A: unfitting armour, cold-blooded, AC +5
a: no special abilities


You were in a sewer.
You visited 1 branch of the dungeon, and saw 3 of its levels.
You also visited: Sewer.

You collected 71 gold pieces.

Inventory:

Hand Weapons
 a - a +0 long sword (weapon)
Armour
 k - a +0 cloak (worn)
 l - a +1 hat (worn)
Scrolls
 d - a scroll of remove curse
 e - 4 scrolls of identify
 g - a scroll of fog
 h - 3 scrolls of teleportation
 j - a scroll of amnesia
Potions
 i - 2 potions of brilliance


   Skills:
 + Level 3.8 Fighting
 + Level 4.0 Long Blades
 - Level 2.0 Throwing
 + Level 3.7 Dodging


You had 4 spell levels left.
You didn't know any spells.
Your spell library was empty.

Dungeon Overview and Level Annotations

Branches:
Dungeon (3/15)              Sewer (1/1)

Altars:

Annotations:
Sewer Purgy


Innate Abilities, Weirdness & Mutations

Your plain brown scales are hard. (AC +5)
You cannot fit into any form of body armour.
You are cold-blooded and may be slowed by cold attacks.


Message History

Purgy bites you but does no damage. Purgy claws you. x2
You hit Purgy.
Purgy is heavily wounded.
Purgy bites you but does no damage. Purgy closely misses you.
Purgy barely misses you.
You hit Purgy.
Your tail-slap misses Purgy.
Purgy is severely wounded.
Purgy bites you.
* * * LOW HITPOINT WARNING * * *
Purgy barely misses you. Purgy misses you. Purgy bites you but does no damage.
Purgy claws you but does no damage. Purgy closely misses you.
You closely miss Purgy.
Purgy is severely wounded.
Purgy bites you!
* * * LOW HITPOINT WARNING * * *
Purgy closely misses you. Purgy claws you but does no damage.
You hit Purgy.
Purgy is severely wounded.
Purgy bites you.
You die...

#########
#)(#.#?!#
#)≈#.#.!#
#(@.#
##≈T.##
#≈≈..≈#
##.....##
#...#...#
#.≈###..##
#.≈.#
#...#
#..##
##.≈# #.≈
#..#


You could see Purgy.

Vanquished Creatures
  Crazy Yiuf (D:2)
  5 adders (D:2)
  A river rat (D:3)
  An ooze (D:1)
  A leopard gecko (D:1)
  3 bats
  3 giant cockroaches
  8 goblins
  9 hobgoblins
  7 jackals
  2 quokkas (D:2)
  A ball python (D:2)
  5 frilled lizards (D:1)
  10 kobolds
  8 rats
65 creatures vanquished.

Notes
Turn   | Place    | Note
-------+----------+-------------------------------------------
     0 | D:1      | KristoblXynda the Draconian Gladiator began the quest for
                  | the Orb.
     0 | D:1      | Reached XP level 1. HP: 17/17 MP: 1/1
   141 | D:1      | Reached XP level 2. HP: 11/25 MP: 2/2
   659 | D:1      | Reached XP level 3. HP: 26/30 MP: 3/3
  1938 | D:2      | Reached XP level 4. HP: 38/38 MP: 4/4
  2207 | D:2      | Found a runed translucent door.
  2208 | D:2      | Noticed Crazy Yiuf
  2979 | D:2      | Killed Crazy Yiuf
  2980 | D:2      | Reached skill level 4 in Long Blades
  2980 | D:2      | Reached XP level 5. HP: 46/46 MP: 5/5
  3094 | D:3      | Found a glowing drain.
  3112 | Sewer    | Entered a sewer
  3208 | Sewer    | Noticed Purgy
  3254 | Sewer    | HP: 2/46 [Purgy (7)]
  3255 | Sewer    | Slain by Purgy

Illustrated notes

Levels and vault maps discovered:
D:1:      psy_arrival_whirlpool, layout_loops_corners, palyth_stone_intersect,
          nrook_mini_backslash, roderic_roman_lattice, corexii_leaking_fountain,
          minmay_misc_feat_columns
D:2:      layout_basic, uniq_crazy_yiuf_cottage
D:3:      layout_loops_ring, cheibrodos_sewer_entry_sluice,
          chequers_ecumenical_altar_grove
Sewer:    sewer_the_moccasin

Skill      XL: |  1  2  3  4 |
---------------+-------------+-----
Throwing       | 2 |  2.0
Dodging        | 3 |  3.7
Fighting       | 3 |  3.8
Long Blades    | 4 |  4.0

Action                   |  1- 3 |  4- 6 || total
-------------------------+-------+-------++-------
Melee: Long sword        |   115 |   116 ||   231
       Tailslap          |     9 |    10 ||    19
Throw: Throwing net      |       |     3 ||     3
  Use: Scroll            |       |     6 ||     6
       Potion            |       |     3 ||     3
 Stab: Held in net/web   |       |     1 ||     1
Armor: Skin              |    36 |    70 ||   106
Dodge: Dodged            |    88 |   148 ||   236
       Rpst.: Long sword |    17 |    31 ||    48

Table legend: (Time is in decaauts)
 A = Elapsed time spent in this place.
 B = Non-inter-level travel time spent in this place.
 C = Inter-level travel time spent in this place.
 D = Time resting spent in this place.
 E = Time spent auto-exploring this place.
 F = Levels seen in this place.
 G = Mean time per level.
                   A        B        C        D        E       F      G
               +--------+--------+--------+--------+--------+-----+--------+
         Total |   3312 |   3258 |     54 |    648 |   1914 |   4 |  828.0 |
       Dungeon |   3156 |   3102 |     54 |    623 |   1876 |   3 | 1052.0 |
         Sewer |    156 |    156 |      0 |     25 |     38 |   1 |  156.0 |
               +--------+--------+--------+--------+--------+-----+--------+

Top non-repeatable levels by time:
     D:2: 1668 daAuts
     D:1: 1429 daAuts
   Sewer: 156 daAuts
     D:3: 58 daAuts
